 Dungeon Crawl Stone Soup version 0.21.1-1-g345015f (webtiles) character file.

335 Mirai the Digger (level 6, -3/32 HPs)
             Began as a Gargoyle Earth Elementalist on Feb 24, 2018.
             Killed from afar by Natasha (7 damage)
             ... with a magic dart
             ... on level 3 of the Dungeon.
             The game lasted 00:06:47 (2102 turns).

Mirai the Digger (Gargoyle Earth Elementalist)      Turns: 2102, Time: 00:06:48

Health: -3/32      AC:  7    Str: 16    XL:     6   Next: 53%
Magic:  11/13      EV: 12    Int: 18    God:
Gold:   34         SH:  0    Dex: 10    Spells: 11/15 levels left

rFire    . . .     SeeInvis .   f - +4 dagger (drain)
rCold    . . .     Gourm    .   (no shield)
rNeg     + . .     Faith    .   p - +0 robe
rPois    ∞         Spirit   .   (no helmet)
rElec    +         Reflect  .   (no cloak)
rCorr    .         Harm     .   (no gloves)
MR       .....                  (no boots)
Stlth    ++........             (no amulet)
HPRegen  0.10/turn              o - +1 ring of protection
MPRegen  0.13/turn              i - +5 ring of strength

@: slowed, very slow
A: negative energy resistance 1, electricity resistance, unbreathing,
petrification resistance, rot immunity, AC +4
a: no special abilities


You were on level 3 of the Dungeon.
You were not hungry.

You visited 1 branch of the dungeon, and saw 3 of its levels.

You collected 34 gold pieces.

Inventory:

Hand Weapons
 f - a +4 dagger of draining (weapon)
 h - a +0 flail
Missiles
 b - 52 stones (quivered)
Armour
 c - a +0 leather armour
 k - a +0 robe
 n - a +0 robe
 p - a +0 robe (worn)
 r - a +0 leather armour
 s - a +0 robe
Jewellery
 i - a +5 ring of strength (right hand)
 o - a +1 ring of protection (left hand)
Scrolls
 g - a scroll of amnesia {unknown}
 j - 2 scrolls of identify {unknown}
 l - a scroll of teleportation {unknown}
Potions
 m - a potion of flight {unknown}
 q - a potion of resistance {unknown}
Books
 e - a book of Geomancy

   Spells                             Type                      Level
   a - Sandblast                      Earth                        1
   b - Passwall                       Transmutation/Earth          2
   c - Stone Arrow                    Conjuration/Earth            3
   d - Petrify                        Transmutation/Earth          4
   e - Lee's Rapid Deconstruction     Earth                        5
Comestibles
 a - 14 chunks of flesh
 d - 5 rations


   Skills:
 - Level 1.5 Dodging
 - Level 2.1 Stealth
 + Level 5.0 Spellcasting
   Level 0.7 Transmutations
 + Level 5.9 Earth Magic


You had 11 spell levels left.
You knew the following spells:

 Your Spells              Type           Power        Failure   Level  Hunger
a - Sandblast             Erth           ####..       1%          1    None
b - Stone Arrow           Conj/Erth      ###...       12%         3    ##.....


Dungeon Overview and Level Annotations

Branches:
Dungeon (3/15)

Altars:
Yredelemnul

Annotations:
D:3 Natasha


Innate Abilities, Weirdness & Mutations

You are resistant to torment.
Your stone body is resilient. (AC +4)
You are immune to poison.
You resist negative energy. (rN+)
You are resistant to electric shocks. (rElec)
You can survive without breathing.
You are immune to petrification.
You are immune to rotting.


Message History

Items here: % ( )) [[ Sorry, you're not good enough to have a special ability.
b - 53 stones (gained 14);
r - a leather armour;
s - a robe
a - 14 chunks of flesh (gained 3) Natasha casts a spell at you.
The magic dart hits you!
* * * LOW HITPOINT WARNING * * *
You see here a quokka corpse.
Unknown command.
Casting: Sandblast
Confirm with . or Enter, or press ? or * to list all spells.
Aiming: Sandblast
Press: ? - help, Shift-Dir - straight line, f - Natasha
Aim: Natasha The blast of sand hits Natasha.
Natasha is severely wounded.
b - 52 stones Natasha casts a spell.
Natasha casts a spell at you. The magic dart hits you!
You die...

#. #. #. #. .#####.
......>#################
#)))).).)..)....÷.
#.######)###############.
........@....# #.
.......5h....# #.
.............# #.
.............# #)
.............# #)
.............# #.
.............# #.
.............# #. #.


You could see Natasha and a crimson imp.

Vanquished Creatures
  The ghost of Canard the Gusty, an amateur TeAE of Vehumet (D:3)
  A bullfrog (D:3)
  An orc priest (D:3)
  2 orc wizards (D:3)
  Natasha (D:3)
  A gnoll (D:1)
  3 adders
  2 worms
  2 dart slugs (D:1)
  A leopard gecko (D:1)
  4 orcs (D:3)
  A ball python (D:1)
  7 bats
  15 goblins
  5 hobgoblins
  A quokka (D:3)
  2 frilled lizards
  8 kobolds
  8 rats
66 creatures vanquished.

Notes
Turn   | Place    | Note
-------+----------+-------------------------------------------
     0 | D:1      | Mirai the Gargoyle Earth Elementalist began the quest for the Orb.
     0 | D:1      | Reached XP level 1. HP: 10/10 MP: 3/3
   116 | D:1      | Reached XP level 2. HP: 15/15 MP: 1/5
   436 | D:1      | Reached XP level 3. HP: 18/19 MP: 4/7
   907 | D:2      | Learned a level 3 spell: Stone Arrow
  1208 | D:2      | Reached XP level 4. HP: 24/24 MP: 2/8
  1734 | D:3      | Found a basalt altar of Yredelemnul.
  1740 | D:3      | Noticed a bullfrog
  1841 | D:3      | Noticed Natasha
  1849 | D:3      | Killed Natasha
  1889 | D:3      | Reached XP level 5. HP: 28/28 MP: 1/10
  1898 | D:3      | Reached skill level 5 in Earth Magic
  1923 | D:3      | Noticed Canard's ghost (amateur TeAE)
  1924 | D:3      | Noticed Natasha
  1985 | D:3      | Reached XP level 6. HP: 31/32 MP: 8/13
  2009 | D:3      | Killed Canard's ghost
  2095 | D:3      | Reached skill level 5 in Spellcasting
  2102 | D:3      | Killed from afar by Natasha

Skill      XL: |  1  2  3  4  5  6 |
---------------+-------------------+-----
Earth Magic    | 4 5 |  5.9
Spellcasting   | 3 4 5 |  5.0
Dodging        | |  1.5
Stealth        | |  2.1
Transmutations | |  0.7

Action                   |  1- 3 |  4- 6 || total
-------------------------+-------+-------++-------
Melee: Unarmed           |     9 |       ||     9
       Short sword       |     3 |    12 ||    15
       War axe           |       |    10 ||    10
       Dagger            |       |    31 ||    31
 Cast: Sandblast         |    50 |    35 ||    85
  Use: Scroll            |       |     1 ||     1
       Potion            |       |     1 ||     1
  Eat: Chunk             |     1 |     3 ||     4
Armor: Robe              |     8 |    24 ||    32
Dodge: Dodged            |    27 |    34 ||    61
